[Event "Stadtmeisterschaft Ulm/Neu-Ulm 2011"]
[Site "Ulm"]
[Date "2011.10.14"]
[Round "3"]
[White "Vetter, Robert"]
[Black "Goda, Frederic"]
[Result "0-1"]
[ECO "A88"]
[WhiteElo "1804"]
[BlackElo "1643"]
[Annotator ",Fred"]
[PlyCount "118"]
[EventDate "2011.09.16"]
[TimeControl "40/7200:20/3600:1800"]

1. d4 f5 2. Nf3 Nf6 3. g3 g6 4. Bg2 Bg7 5. b3 O-O 6. Bb2 d6 7. c4 c6 8. Nc3 Na6
9. O-O Qe8 10. d5 Nc7 11. Nd4 e5 12. dxe6 Nxe6 13. Nxe6 Qxe6 14. Qc2 Ng4 15.
Nd5 Bxb2 16. Qxb2 Qf7 17. Rad1 cxd5 18. Bxd5 Be6 19. Bxb7 Rab8 20. Bg2 f4 21.
Rxd6 Bxc4 22. Rd4 f3 23. Bxf3 Ne5 24. Bg2 Qg7 25. Rfd1 Qf6 26. f4 Ng4 27. Qd2
Bf7 28. e4 Qb6 29. h3 Rbd8 30. hxg4 Rxd4 31. Qxd4 Rd8 32. Qxb6 Rxd1+ 33. Kh2
axb6 34. f5 Rd2 35. Kh3 g5 36. e5 Kf8 37. e6 Bxe6 38. fxe6 Ke7 39. a4 Kxe6 40.
Be4 h6 41. b4 Ke5 42. Bf3 Kd4 43. a5 bxa5 44. bxa5 Kc5 45. a6 Ra2 46. Bb7 Kd4
47. Bc8 Ke3 48. Bb7 Kf2 49. Kh2 Ra3 50. Bc8 Rxg3 51. Be6 Ra3 52. Bc8 Kf3 53.
Kh3 Ra1 54. Bb7+ Kf2 55. Kh2 Ra4 56. Bc8 h5 57. Bd7 Rxa6 58. gxh5 Rd6 59. Bf5
Rd4 0-1

[Event "Stadtmeisterschaft Ulm/Neu-Ulm 2011"]
[Site "Ulm"]
[Date "2011.10.14"]
[Round "3"]
[White "Walker, Kevin"]
[Black "Neidlinger, Markus"]
[Result "1-0"]
[ECO "B06"]
[WhiteElo "1560"]
[BlackElo "2084"]
[Annotator ",Fred"]
[PlyCount "69"]
[EventDate "2011.09.16"]
[TimeControl "40/7200:20/3600:1800"]

1. d4 g6 2. e4 Bg7 3. Nc3 c6 4. Be3 d6 5. Qd2 b5 6. Bd3 Nf6 7. Bh6 O-O 8. Bxg7
Kxg7 9. f4 b4 10. Nce2 Qb6 11. Nf3 Nbd7 12. c3 a5 13. h3 Ba6 14. e5 Ne8 15. Ng5
Bxd3 16. Qxd3 e6 17. Ng3 Rh8 18. f5 dxe5 19. fxe6 fxe6 20. Rf1 Nef6 21. Nxe6+
Kf7 22. Nc5 Ke7 23. Qc4 Nxc5 24. dxc5 Qb5 25. Qh4 Raf8 26. Ne4 Qd3 27. Rxf6
Qe3+ 28. Kf1 g5 29. Qh6 Qxe4 30. Qg7+ Ke8 31. Kg1 Rhg8 32. Re6+ Kd8 33. Rd1+
Kc8 34. Qd7+ Kb8 35. Re7 1-0

[Event "Stadtmeisterschaft Ulm/Neu-Ulm 2011"]
[Site "Ulm"]
[Date "2011.10.14"]
[Round "3"]
[White "Andritzke, Karl-Heinz"]
[Black "Wolf, Rainer"]
[Result "0-1"]
[ECO "A41"]
[WhiteElo "1470"]
[BlackElo "1976"]
[Annotator ",Fred"]
[PlyCount "60"]
[EventDate "2011.09.16"]
[TimeControl "40/7200:20/3600:1800"]

1. d4 g6 2. Nf3 Bg7 3. Bf4 d6 4. e3 a6 5. c3 Nd7 6. Bd3 e5 7. Bg3 Qe7 8. Nfd2
exd4 9. O-O dxe3 10. Re1 exf2+ 11. Bxf2 Ne5 12. Na3 Be6 13. Bf1 Qd7 14. Nc2 Ne7
15. Nd4 O-O 16. Nxe6 fxe6 17. Nc4 N7c6 18. Bg3 Rxf1+ 19. Rxf1 Nxc4 20. Qe2 b5
21. Rad1 Re8 22. a4 N6a5 23. b4 Nc6 24. axb5 axb5 25. Rf3 N6e5 26. Rf2 Qe7 27.
Rdf1 c6 28. Qe4 d5 29. Qe1 Nd3 30. Rf7 Qxf7 0-1

[Event "Stadtmeisterschaft Ulm/Neu-Ulm 2011"]
[Site "Ulm"]
[Date "2011.10.14"]
[Round "3"]
[White "Kuhn, Klaus-Peter"]
[Black "Krauss, Rainer"]
[Result "0-1"]
[ECO "C52"]
[WhiteElo "1417"]
[BlackElo "1800"]
[Annotator ",Fred"]
[PlyCount "106"]
[EventDate "2011.09.16"]
[TimeControl "40/7200:20/3600:1800"]

1. e4 e5 2. Nf3 Nc6 3. Bc4 Bc5 4. b4 Bxb4 5. c3 Ba5 6. d4 exd4 7. O-O Bxc3 8.
Nxc3 dxc3 9. Qd5 Qf6 10. Bg5 Qe6 11. Qd3 Qg6 12. Qxc3 Nge7 13. Bxe7 Kxe7 14.
Nh4 Qf6 15. Nf5+ Kf8 16. Qa3+ d6 17. Ne3 Be6 18. Nd5 Bxd5 19. Bxd5 g6 20. Rab1
Kg7 21. Rxb7 Ne7 22. Rxa7 Rxa7 23. Qxa7 Nxd5 24. exd5 Qe5 25. Qxc7 Qxd5 26.
Qc3+ Qe5 27. Qxe5+ dxe5 28. Ra1 Ra8 29. Kf1 Ra3 30. Ke2 f5 31. Kd2 Kf6 32. Kc2
e4 33. Kb2 Ra8 34. a4 Ke5 35. Kc3 f4 36. a5 Ra6 37. Kb4 e3 38. fxe3 fxe3 39.
Kc3 Rd6 40. Ra2 Kf4 41. a6 e2 42. Rxe2 Rxa6 43. Rf2+ Ke5 44. Re2+ Kf4 45. Kd2
Ra1 46. Rf2+ Kg4 47. Ke3 Re1+ 48. Kd2 Rh1 49. g3 Kh3 50. Ke3 Rxh2 51. Rxh2+
Kxh2 52. Kf4 Kh3 53. g4 Kh4 0-1

[Event "Stadtmeisterschaft Ulm/Neu-Ulm 2011"]
[Site "Ulm"]
[Date "2011.10.14"]
[Round "3"]
[White "Borowsky, Bernd"]
[Black "Schluricke, Reinhard"]
[Result "0-1"]
[ECO "C10"]
[WhiteElo "1249"]
[BlackElo "1765"]
[Annotator ",Fred"]
[PlyCount "25"]
[EventDate "2011.09.16"]
[TimeControl "40/7200:20/3600:1800"]

1. e4 e6 2. d4 d5 3. Nc3 dxe4 4. Nxe4 Bd7 5. Nf3 Bc6 6. Qd3 Nd7 7. Be2 Ngf6 8.
Bg5 Bxe4 9. Bxf6 Bxd3 10. Bxd8 Bxe2 11. Bxc7 Bxf3 12. gxf3 Rc8 13. Bg3 0-1

[Event "Stadtmeisterschaft Ulm/Neu-Ulm 2011"]
[Site "Ulm"]
[Date "2011.10.14"]
[Round "3"]
[White "Heinrich, Klaus"]
[Black "Kinzig, Lars"]
[Result "1-0"]
[ECO "A02"]
[WhiteElo "1720"]
[BlackElo "1602"]
[Annotator ",Fred"]
[PlyCount "43"]
[EventDate "2011.09.16"]
[TimeControl "40/7200:20/3600:1800"]

1. f4 g6 2. e3 Bg7 3. d4 d6 4. Bc4 e6 5. Qf3 Ne7 6. c3 Bd7 7. Qxb7 Nbc6 8. Qa6
Rb8 9. b4 O-O 10. Bb3 Bc8 11. Qe2 a6 12. Nf3 Bb7 13. O-O Nd5 14. Bb2 Ra8 15. a4
Nb8 16. Nbd2 Nd7 17. Nc4 N5f6 18. Na5 Be4 19. Nd2 h5 20. Nxe4 Nxe4 21. Bc2 Nef6
22. e4 1-0

[Event "Stadtmeisterschaft Ulm/Neu-Ulm 2011"]
[Site "Ulm"]
[Date "2011.10.14"]
[Round "3"]
[White "Schneider, Jürgen"]
[Black "Naafs, Uwe"]
[Result "1-0"]
[ECO "B09"]
[WhiteElo "1713"]
[BlackElo "1491"]
[Annotator ",Fred"]
[PlyCount "91"]
[EventDate "2011.09.16"]
[TimeControl "40/7200:20/3600:1800"]

1. e4 d6 2. d4 Nf6 3. Nc3 g6 4. f4 Bg7 5. Nf3 O-O 6. Bd3 Nc6 7. O-O e5 8. dxe5
dxe5 9. fxe5 Ng4 10. Bg5 Qd7 11. Nd5 Ngxe5 12. Nxe5 Nxe5 13. Nf6+ Bxf6 14. Bxf6
Nxd3 15. cxd3 Qg4 16. Qc1 Qh5 17. Qxc7 Be6 18. Qg3 Rac8 19. Qe3 b6 20. Rac1
Rfe8 21. a3 Bb3 22. Bc3 Be6 23. Qd4 Qc5 24. Qxc5 Rxc5 25. d4 Rc4 26. d5 Bd7 27.
e5 Bf5 28. Rfe1 Be4 29. b3 Rxc3 30. Rxc3 Bxd5 31. b4 Re7 32. Kf2 Be6 33. g3 Rd7
34. Ke3 Kg7 35. Re2 Rd5 36. Kf3 h5 37. Ree3 a5 38. Rcd3 Rb5 39. bxa5 bxa5 40.
h4 a4 41. Rd4 Bb3 42. Kf4 Rb7 43. Rc3 Rb6 44. Rd8 Ba2 45. Rcc8 f5 46. Rc7+ 1-0

[Event "Stadtmeisterschaft Ulm/Neu-Ulm 2011"]
[Site "Ulm"]
[Date "2011.10.14"]
[Round "3"]
[White "Mattiessen, Irina"]
[Black "Renner, David"]
[Result "1/2-1/2"]
[ECO "C54"]
[WhiteElo "1580"]
[BlackElo "1651"]
[Annotator ",Fred"]
[PlyCount "83"]
[EventDate "2011.09.16"]
[TimeControl "40/7200:20/3600:1800"]

1. e4 e5 2. Nf3 Nc6 3. Bc4 Nf6 4. d3 Bc5 5. c3 d6 6. O-O O-O 7. b4 Bb6 8. a4 a6
9. Bg5 Be6 10. Nbd2 Qd7 11. Qe2 Rae8 12. b5 axb5 13. Bxb5 Qc8 14. Bxc6 bxc6 15.
a5 Ba7 16. Rfb1 Qa6 17. Kf1 Rb8 18. Rxb8 Rxb8 19. d4 Qxe2+ 20. Kxe2 Rb2 21. Kd3
Bc8 22. dxe5 Ba6+ 23. c4 Ng4 24. Kc3 Rb8 25. exd6 cxd6 26. Nd4 Bxd4+ 27. Kxd4
Nxf2 28. h3 d5 29. exd5 cxd5 30. cxd5 Rb4+ 31. Ke3 Nd3 32. Be7 Rb7 33. d6 f6
34. Rb1 Rxb1 35. Nxb1 Kf7 36. Kd4 Ke6 37. Nc3 Kd7 38. Ne4 Kc6 39. Bf8 Nf4 40.
Be7 Ne6+ 41. Ke3 f5 42. Nc3 1/2-1/2

[Event "Stadtmeisterschaft Ulm/Neu-Ulm 2011"]
[Site "Ulm"]
[Date "2011.10.14"]
[Round "3"]
[White "Gebhardt, Uwe"]
[Black "Schmidt, Waldemar"]
[Result "1-0"]
[ECO "E71"]
[WhiteElo "1976"]
[BlackElo "1615"]
[Annotator ",Fred"]
[PlyCount "75"]
[EventDate "2011.09.16"]
[TimeControl "40/7200:20/3600:1800"]

1. d4 g6 2. c4 Bg7 3. Nc3 d6 4. e4 Nf6 5. h3 O-O 6. Be3 Na6 7. Nf3 c5 8. d5 Nc7
9. Be2 a6 10. a4 Bd7 11. O-O Rb8 12. e5 Nfe8 13. exd6 exd6 14. Bg5 Nf6 15. Re1
h6 16. Bf4 Be8 17. Qd2 Kh7 18. Bh2 Rg8 19. Qf4 Bf8 20. Bd3 b5 21. axb5 axb5 22.
cxb5 Bxb5 23. Bxb5 Nxb5 24. Nxb5 Rxb5 25. Ra7 Kg7 26. Qc1 Qb6 27. Qa1 Rxb2 28.
Ra6 Qb8 29. Bf4 g5 30. Bd2 Rxd2 31. Nxd2 Qd8 32. Ra8 Qd7 33. Ne4 Qf5 34. Ng3
Qg6 35. Ne4 Be7 36. Rxg8+ Kxg8 37. Nxc5 Nxd5 38. Qa8+ 1-0

[Event "Stadtmeisterschaft Ulm/Neu-Ulm 2011"]
[Site "Ulm"]
[Date "2011.10.14"]
[Round "3"]
[White "Ranade, Kedar"]
[Black "Lepschi, Albert"]
[Result "0-1"]
[ECO "B13"]
[WhiteElo "1519"]
[BlackElo "1768"]
[Annotator ",Fred"]
[PlyCount "94"]
[EventDate "2011.09.16"]
[TimeControl "40/7200:20/3600:1800"]

1. e4 c6 2. d4 d5 3. exd5 cxd5 4. c3 Nc6 5. Nf3 Bg4 6. Be2 Nf6 7. Bg5 Ne4 8.
Bf4 e6 9. Nbd2 Bd6 10. Bxd6 Nxd6 11. O-O O-O 12. Re1 Qb6 13. Qb3 Qxb3 14. Nxb3
Nc4 15. Nbd2 Nxb2 16. Rab1 Na4 17. Rxb7 Nxc3 18. Bd3 Nxa2 19. Ne5 Nxe5 20. dxe5
a5 21. Ra1 Nb4 22. Bb5 h6 23. Nb3 Rfb8 24. Rxa5 Bd1 25. Rxb8+ Rxb8 26. Nd4 g6
27. f3 g5 28. Kf2 Bc2 29. Ke2 Rc8 30. Ra7 Bb1 31. Kd2 Nc2 32. Nc6 Kg7 33. Ba4
Na3 34. Nd4 Kg8 35. Nc6 Kf8 36. Nd4 Nc4+ 37. Ke2 Nxe5 38. Kd2 Rc4 39. Nb5 Rb4
40. Kc3 Rc4+ 41. Kd2 g4 42. Nd6 Rb4 43. Be8 gxf3 44. gxf3 Bg6 45. Ke3 Rh4 46.
Rb7 Nc4+ 47. Nxc4 Rxc4 0-1

[Event "Stadtmeisterschaft Ulm/Neu-Ulm 2011"]
[Site "Ulm"]
[Date "2011.10.14"]
[Round "3"]
[White "Jahn, Manfred"]
[Black "Kelemen, Alexander"]
[Result "0-1"]
[ECO "D60"]
[WhiteElo "1705"]
[BlackElo "1618"]
[Annotator ",Fred"]
[PlyCount "150"]
[EventDate "2011.09.16"]
[TimeControl "40/7200:20/3600:1800"]

1. d4 Nf6 2. c4 e6 3. Nc3 d5 4. Nf3 Be7 5. Bg5 O-O 6. e3 Nbd7 7. Bd3 c6 8. O-O
dxc4 9. Bxc4 Nd5 10. Bxe7 Qxe7 11. a3 N7b6 12. Bd3 Rd8 13. Rc1 Nxc3 14. Rxc3
Nd5 15. Rc1 Bd7 16. Bb1 Rac8 17. e4 Nf6 18. Qd3 g6 19. Rfe1 c5 20. dxc5 Rxc5
21. Qe3 Rdc8 22. b4 Rxc1 23. Rxc1 Rxc1+ 24. Qxc1 Bc6 25. Nd2 Qd6 26. g3 Qd4 27.
Qe1 Qc3 28. Qe3 Qxe3 29. fxe3 Ng4 30. Nf1 Bb5 31. h3 Ne5 32. Nd2 Kg7 33. Bc2
Kf6 34. a4 Bd3 35. Bb3 Nc6 36. b5 Na5 37. Bd1 Ke5 38. Nf3+ Kxe4 39. Ng5+ Kxe3
40. Nxf7 Bc4 41. Bc2 Bb3 42. Bxb3 Nxb3 43. Nd8 Nc5 44. a5 e5 45. Kg2 e4 46. Nf7
Nb3 47. b6 a6 48. Nd6 Nxa5 49. h4 Kd3 50. Kf2 e3+ 51. Ke1 e2 52. g4 Kd4 53.
Kxe2 Kc5 54. Ne8 Kxb6 55. Nf6 h6 56. Ng8 h5 57. g5 Nc6 58. Nf6 a5 59. Kd3 Kc5
60. Kc3 b5 61. Kb3 a4+ 62. Ka3 Kd6 63. Ne4+ Ke5 64. Nf6 Nd4 65. Nd7+ Kf5 66.
Nf6 Nf3 67. Nd5 Nxh4 68. Nc3 Kxg5 69. Nxb5 Nf3 70. Nc3 h4 71. Ne4+ Kf5 72. Nf2
g5 73. Kxa4 g4 74. Kb3 g3 75. Nh3 Kg4 0-1

[Event "Stadtmeisterschaft Ulm/Neu-Ulm 2011"]
[Site "Ulm"]
[Date "2011.10.14"]
[Round "3"]
[White "Brischar, Rolf"]
[Black "Kromer, Thomas"]
[Result "0-1"]
[ECO "A41"]
[WhiteElo "1260"]
[BlackElo "1702"]
[Annotator ",Fred"]
[PlyCount "58"]
[EventDate "2011.09.16"]
[TimeControl "40/7200:20/3600:1800"]

1. d4 g6 2. Nf3 Bg7 3. Bf4 d6 4. Nbd2 Nd7 5. e3 Ngf6 6. h3 c5 7. c3 O-O 8. Bd3
cxd4 9. cxd4 e5 10. Bh2 Re8 11. Qc2 exd4 12. Nxd4 Nd5 13. O-O Rxe3 14. N2f3 Nb4
15. Qd2 Rxd3 16. Qxb4 Nc5 17. Bg3 a5 18. Qc4 b5 19. Nxb5 Ba6 20. Bxd6 Rxd6 21.
Qxc5 Rd5 22. Qe3 Bxb5 23. a4 Bxf1 24. Kxf1 Rb8 25. Re1 Rd1 26. Ne5 Rxb2 27. Nc6
Rxe1+ 28. Qxe1 Qd3+ 29. Kg1 Rb1 0-1

[Event "Stadtmeisterschaft Ulm/Neu-Ulm 2011"]
[Site "Ulm"]
[Date "2011.10.14"]
[Round "3"]
[White "Radovic, Miodrag"]
[Black "Späth, Gerhard"]
[Result "0-1"]
[ECO "C45"]
[WhiteElo "1433"]
[BlackElo "1679"]
[Annotator ",Fred"]
[PlyCount "68"]
[EventDate "2011.09.16"]
[TimeControl "40/7200:20/3600:1800"]

1. e4 e5 2. Nf3 Nc6 3. d4 exd4 4. Nxd4 Qh4 5. Be3 Qxe4 6. Nd2 Qg6 7. g3 d5 8.
Bg2 Nxd4 9. Bxd4 c6 10. O-O Bd6 11. Re1+ Ne7 12. c4 O-O 13. c5 Nf5 14. Nf1 Bc7
15. Bc3 Be6 16. Bf3 Rfd8 17. Bh5 Qg5 18. Bd2 Qf6 19. Be3 d4 20. Bd2 Bd5 21. Bg4
Ne7 22. h4 h6 23. Bh3 Ng6 24. Nh2 Ne5 25. Rxe5 Qxe5 26. Bf4 Qe7 27. Bxc7 Qxc7
28. Qd2 Qe7 29. b4 Qe4 30. f3 Qe3+ 31. Qxe3 dxe3 32. Kf1 Bc4+ 33. Ke1 Rd2 34.
Ng4 Re2+ 0-1

[Event "Stadtmeisterschaft Ulm/Neu-Ulm 2011"]
[Site "Ulm"]
[Date "2011.10.07"]
[Round "3"]
[White "Simo von Koschitzky, Ignacio"]
[Black "Sander, Lucia"]
[Result "0-1"]
[ECO "D02"]
[WhiteElo "1460"]
[BlackElo "1709"]
[Annotator ",Fred"]
[PlyCount "92"]
[EventDate "2011.09.16"]
[TimeControl "40/7200:20/3600:1800"]

1. Nf3 d5 2. d4 Nf6 3. Nbd2 Nbd7 4. e3 c6 5. Bd3 e5 6. Nxe5 Nxe5 7. dxe5 Ng4 8.
O-O Nxe5 9. Be2 Bd6 10. b3 O-O 11. Bb2 Be6 12. f4 Ng6 13. Nf3 f6 14. Bd3 Bf7
15. Nd4 Rc8 16. Qh5 Re8 17. Rf3 Nf8 18. Qh4 Bc5 19. Rh3 h6 20. Nf5 Ng6 21.
Nxh6+ Kf8 22. Qg4 gxh6 23. Bxg6 Rxe3 24. Rxe3 Bxe3+ 25. Kh1 d4 26. Bxf7 Kxf7
27. Qh5+ Kg7 28. Qg4+ Kh8 29. Qf5 Rc7 30. Rd1 Qe7 31. Re1 Kg7 32. c3 c5 33.
cxd4 cxd4 34. Bxd4 Rc1 35. Qg4+ Kh8 36. Rxc1 Bxc1 37. Qc8+ Kg7 38. Qxc1 Qe6 39.
Qf1 Qe4 40. Bb2 h5 41. f5 Qc2 42. Qc1 Qxf5 43. Ba3 Kg6 44. Qe1 Qd7 45. h3 f5
46. Qg3+ Kf7 0-1

[Event "Stadtmeisterschaft Ulm/Neu-Ulm 2011"]
[Site "Ulm"]
[Date "2011.10.14"]
[Round "3"]
[White "Baumann, Tobias"]
[Black "Siebel, Wolfgang"]
[Result "1-0"]
[ECO "B15"]
[WhiteElo "1621"]
[BlackElo "1376"]
[Annotator ",Fred"]
[PlyCount "81"]
[EventDate "2011.09.16"]
[TimeControl "40/7200:20/3600:1800"]

1. e4 c6 2. d4 d5 3. Nc3 Bd7 4. exd5 cxd5 5. Nxd5 Nc6 6. Nc3 Bf5 7. d5 Nb4 8.
Bb5+ Bd7 9. Bxd7+ Qxd7 10. a3 Na6 11. Nf3 g6 12. O-O Bg7 13. Ne4 Nf6 14. Nxf6+
Bxf6 15. c4 Rc8 16. Qe2 O-O 17. Be3 b6 18. Bd4 Qd6 19. Bxf6 Qxf6 20. Ne5 Nb8
21. Rad1 Rfd8 22. Rfe1 Rc7 23. Rd3 Rf8 24. b3 Qd6 25. a4 f6 26. Nf3 Rf7 27. Nd4
Na6 28. Ne6 Rb7 29. Re3 Nc5 30. Nd4 Kf8 31. Nc6 Na6 32. Qg4 f5 33. Qd4 Kg8 34.
Re6 Qc5 35. Qe5 Nb4 36. Nxe7+ Rbxe7 37. Rxe7 Rxe7 38. Qxe7 Nd3 39. Qxc5 Nxc5
40. d6 a6 41. Re7 1-0

[Event "Stadtmeisterschaft Ulm/Neu-Ulm 2011"]
[Site "Ulm"]
[Date "2011.10.14"]
[Round "3"]
[White "Huppertz, Anton"]
[Black "Lell, Stephan"]
[Result "0-1"]
[ECO "A86"]
[WhiteElo "1346"]
[BlackElo "1605"]
[Annotator ",Fred"]
[PlyCount "94"]
[EventDate "2011.09.16"]
[TimeControl "40/7200:20/3600:1800"]

1. c4 f5 2. g3 Nf6 3. Nc3 g6 4. Bg2 Bg7 5. d4 O-O 6. Bg5 h6 7. Bxf6 Bxf6 8. e3
d6 9. Nf3 Qe8 10. Nd5 Na6 11. Nxf6+ Rxf6 12. O-O c6 13. a3 e5 14. dxe5 dxe5 15.
b4 e4 16. Nd4 Be6 17. Nxe6 Rxe6 18. c5 Nc7 19. Qb3 Nd5 20. Rfd1 Rd8 21. Rd4 Re7
22. Rad1 Red7 23. Bf1 Kg7 24. Qb2 Nf6 25. h3 a6 26. Qa1 Qe7 27. R1d2 g5 28. Qd1
Nd5 29. Qa1 Kg6 30. Bc4 Qe5 31. Bxd5 Rxd5 32. Qd1 R8d7 33. Rxd5 Rxd5 34. Rxd5
Qxd5 35. Qxd5 cxd5 36. a4 Kf6 37. Kf1 Ke5 38. Ke2 d4 39. b5 d3+ 40. Kd2 axb5
41. axb5 Kd5 42. c6 bxc6 43. b6 Kd6 44. g4 fxg4 45. hxg4 c5 46. f3 exf3 47.
Kxd3 c4+ 0-1

[Event "Stadtmeisterschaft Ulm/Neu-Ulm 2011"]
[Site "Ulm"]
[Date "2011.11.11"]
[Round "5"]
[White "Fleischer, Frank"]
[Black "Mayer, Arnd"]
[Result "1-0"]
[ECO "B19"]
[WhiteElo "2140"]
[BlackElo "1950"]
[Annotator ",Fred"]
[PlyCount "69"]
[EventDate "2011.??.??"]
[TimeControl "40/7200:20/3600:1800"]

1. e4 c6 2. d4 d5 3. Nd2 dxe4 4. Nxe4 Bf5 5. Ng3 Bg6 6. h4 h6 7. h5 Bh7 8. Nf3
Nd7 9. Bd3 Bxd3 10. Qxd3 Ngf6 11. Ne4 e6 12. Bd2 Be7 13. O-O-O Qc7 14. Kb1
O-O-O 15. c4 Kb8 16. Bc3 Ka8 17. Qe2 Nxe4 18. Qxe4 Bf6 19. Ne5 Nxe5 20. dxe5
Be7 21. f4 Rxd1+ 22. Rxd1 Rd8 23. Rxd8+ Qxd8 24. Kc2 Kb8 25. g4 Qb6 26. Qd4 Qxd4 27. Bxd4 Kc7 28. Kd3 a6 29. Ke4 Kd7 30. f5 f6 31.
b3 fxe5 32. Bxe5 Bf6 33. Bxf6 gxf6 34. fxe6+ Kxe6 35. c5 1-0

[Event "Stadtmeisterschaft Ulm/Neu-Ulm 2011"]
[Site "Ulm"]
[Date "2011.11.11"]
[Round "5"]
[White "Smolny, Frieder"]
[Black "Lüdke, Joshua"]
[Result "1-0"]
[ECO "B06"]
[WhiteElo "2090"]
[BlackElo "1700"]
[Annotator ",Fred"]
[PlyCount "59"]
[EventDate "2011.??.??"]
[TimeControl "40/7200:20/3600:1800"]

1. d4 g6 2. e4 Bg7 3. Nf3 c5 4. d5 d6 5. Nc3 Bg4 6. Be2 Nd7 7. O-O Ngf6 8. Re1
O-O 9. a4 a6 10. a5 b5 11. axb6 Qxb6 12. Ra2 Rfb8 13. Bd2 Ne8 14. Na4 Qb7 15.
Ba5 Nc7 16. Nd2 Bxe2 17. Qxe2 Nb5 18. c3 Na7 19. c4 e6 20. Rb1 exd5 21. exd5
Re8 22. Qd1 Ne5 23. b4 Nd3 24. bxc5 Qc8 25. Nf3 Qf5 26. cxd6 Nf4 27. Bc7 Qg4
28. Qf1 Nh3+ 29. Kh1 Nc8 30. Nc5 1-0

[Event "Stadtmeisterschaft Ulm/Neu-Ulm 2011"]
[Site "Ulm"]
[Date "2011.11.11"]
[Round "5"]
[White "Krassowizkij, Jaroslaw"]
[Black "Deissler, Helmut"]
[Result "1/2-1/2"]
[ECO "E63"]
[WhiteElo "2305"]
[BlackElo "1882"]
[Annotator ",Fred"]
[PlyCount "74"]
[EventDate "2011.??.??"]
[TimeControl "40/7200:20/3600:1800"]

1. c4 Nf6 2. g3 g6 3. Bg2 Bg7 4. Nf3 O-O 5. O-O d6 6. Nc3 a6 7. d4 Nc6 8. h3
Rb8 9. e4 e5 10. d5 Na5 11. Qe2 c5 12. dxc6 Nxc6 13. Rd1 Be6 14. c5 Qc8 15.
cxd6 Bxh3 16. Bg5 Bg4 17. Qe3 Qe6 18. Rd2 Bxf3 19. Bxf3 Nd4 20. Ne2 Nxf3+ 21.
Qxf3 Rfd8 22. Rad1 Rd7 23. Bxf6 Bxf6 24. Qa3 Rc8 25. Nc3 Rc6 26. Nd5 Bd8 27.
Kh2 Kg7 28. Ne7 Bxe7 29. dxe7 Rxe7 30. Rd6 Rxd6 31. Rxd6 Qg4 32. Rd8 Qe6 33.
Qb4 h5 34. b3 Qf6 35. Kg1 Qg5 36. Qd6 Qc1+ 37. Kg2 Qc7 1/2-1/2

[Event "Stadtmeisterschaft Ulm/Neu-Ulm 2011"]
[Site "Ulm"]
[Date "2011.11.11"]
[Round "5"]
[White "Heinrich, Klaus"]
[Black "Hoffart, Alexander"]
[Result "1/2-1/2"]
[ECO "A03"]
[WhiteElo "1720"]
[BlackElo "1802"]
[Annotator ",Fred"]
[PlyCount "105"]
[EventDate "2011.??.??"]
[TimeControl "40/7200:20/3600:1800"]

1. f4 d5 2. e3 c5 3. d4 Nc6 4. c3 cxd4 5. exd4 Nf6 6. Bd3 e6 7. Qf3 Be7 8. Ne2
h5 9. Nd2 Bd7 10. b4 Ng4 11. Nb3 f5 12. a4 Nf6 13. a5 a6 14. Bd2 Ne4 15. Bxe4
dxe4 16. Qe3 Kf7 17. O-O Rg8 18. Kh1 g6 19. Rfd1 g5 20. fxg5 Bxg5 21. Nf4 Qc7
22. Nc5 Ne7 23. Qh3 Bxf4 24. Bxf4 Qxf4 25. Nxd7 Rg5 26. Rf1 Qc7 27. Ne5+ Kf6
28. Rae1 Re8 29. c4 Ng6 30. Rxe4 Nxe5 31. dxe5+ Kg6 32. c5 Rd8 33. Re2 Rd4 34.
Qe3 Rgg4 35. h3 Rge4 36. Qg3+ Kh6 37. Rfe1 Rxe2 38. Rxe2 Rxb4 39. Qg8 Qd7 40.
c6 Rb1+ 41. Kh2 bxc6 42. h4 Qe7 43. g3 f4 44. Rf2 Rb4 45. Qh8+ Kg6 46. Kh3 Qf7
47. Kg2 Re4 48. Qd8 Qf5 49. Qg8+ Kh6 50. Qh8+ Kg6 51. Qg8+ Kh6 52. Qh8+ Kg6 53.
Qg8+ 1/2-1/2

[Event "Stadtmeisterschaft Ulm/Neu-Ulm 2011"]
[Site "Ulm"]
[Date "2011.11.11"]
[Round "5"]
[White "Schluricke, Reinhard"]
[Black "Späth, Gerhard"]
[Result "0-1"]
[ECO "D36"]
[WhiteElo "1765"]
[BlackElo "1679"]
[Annotator ",Fred"]
[PlyCount "58"]
[EventDate "2011.??.??"]
[TimeControl "40/7200:20/3600:1800"]

1. d4 d5 2. c4 e6 3. Nc3 Nf6 4. cxd5 exd5 5. Bg5 c6 6. Qc2 Nbd7 7. e3 Be7 8.
Bd3 h6 9. Bh4 O-O 10. Nge2 Re8 11. O-O Nf8 12. f3 N6h7 13. Bxe7 Qxe7 14. e4
dxe4 15. fxe4 Ng5 16. Rae1 Bg4 17. Kh1 Rad8 18. Bc4 Be6 19. Bd3 Bg4 20. h3 Nxh3
21. gxh3 Bxh3 22. Qd2 Bxf1 23. Rxf1 Ne6 24. Bc4 b5 25. Bb3 b4 26. Na4 Qh4+ 27.
Kg1 Qxe4 28. Rf2 Ng5 29. Qxb4 Nh3+ 0-1

[Event "Stadtmeisterschaft Ulm/Neu-Ulm 2011"]
[Site "Ulm"]
[Date "2011.11.11"]
[Round "5"]
[White "Schneider, Jürgen"]
[Black "Förderreuther, Jonas"]
[Result "1/2-1/2"]
[ECO "B18"]
[WhiteElo "1713"]
[BlackElo "1887"]
[Annotator ",Fred"]
[PlyCount "98"]
[EventDate "2011.??.??"]
[TimeControl "40/7200:20/3600:1800"]

1. e4 c6 2. d4 d5 3. Nc3 dxe4 4. Nxe4 Bf5 5. Ng3 Bg6 6. Nf3 Nd7 7. Bd3 Ngf6 8.
O-O e6 9. Re1 Be7 10. Qe2 Bxd3 11. Qxd3 O-O 12. Qb3 c5 13. Qxb7 cxd4 14. Ne4
Nc5 15. Nxc5 Bxc5 16. Qb5 Qb6 17. Qxb6 Bxb6 18. Bg5 Nd5 19. Re2 f6 20. Bd2 e5
21. Rc1 Rac8 22. Ne1 Rc7 23. Nd3 Rfc8 24. Bb4 a5 25. Ba3 Re8 26. b4 Nc3 27. Rd2
Nxa2 28. Ra1 Nxb4 29. Bxb4 axb4 30. Nxb4 Ra7 31. Rxa7 Bxa7 32. Nd3 e4 33. Ne1
d3 34. Rd1 e3 35. fxe3 Bxe3+ 36. Kf1 d2 37. Nf3 Rc8 38. Ke2 Bh6 39. Kd3 Rd8+
40. Kc4 Re8 41. Kd3 Re3+ 42. Kd4 Re2 43. c4 Rxg2 44. c5 Kf7 45. Rb1 Re2 46. Kd5
Re7 47. c6 Bf4 48. Rd1 Ke8 49. Rb1 Kd8 1/2-1/2

[Event "Stadtmeisterschaft Ulm/Neu-Ulm 2011"]
[Site "Ulm"]
[Date "2011.11.27"]
[Round "5"]
[White "Hörsch, Heiner"]
[Black "Schwab, Matthias"]
[Result "1-0"]
[ECO "D40"]
[WhiteElo "2060"]
[BlackElo "2001"]
[Annotator ",Fred"]
[PlyCount "61"]
[EventDate "2011.??.??"]
[TimeControl "40/7200:20/3600:1800"]

1. d4 d5 2. c4 e6 3. Nf3 c5 4. e3 Nf6 5. Nc3 Nc6 6. Bd3 Be7 7. O-O cxd4 8. exd4
Nb4 9. cxd5 Nxd3 10. Qxd3 Nxd5 11. Ne5 O-O 12. a3 Qa5 13. Bd2 Rd8 14. Rfe1 Nxc3
15. Bxc3 Qd5 16. Re3 Bf6 17. Rae1 b6 18. Rh3 g6 19. Qg3 Bb7 20. f3 Bg7 21. Qh4
h5 22. Qf4 Rf8 23. Bb4 g5 24. Qe3 Rfd8 25. Bc3 h4 26. Qxg5 f6 27. Qg6 fxe5 28.
Rxe5 Qd7 29. Rxh4 Qf7 30. Rh8+ Kxh8 31. Qxf7 1-0

[Event "Stadtmeisterschaft Ulm/Neu-Ulm 2011"]
[Site "Ulm"]
[Date "2011.11.11"]
[Round "5"]
[White "Gebhardt, Uwe"]
[Black "Hörsch, Florian"]
[Result "1-0"]
[ECO "D36"]
[WhiteElo "1976"]
[BlackElo "1775"]
[Annotator ",Fred"]
[PlyCount "93"]
[EventDate "2011.??.??"]
[TimeControl "40/7200:20/3600:1800"]

1. d4 d5 2. c4 e6 3. Nc3 Nf6 4. Bg5 Be7 5. cxd5 exd5 6. e3 c6 7. Bd3 O-O 8. Qc2
Nbd7 9. Nge2 h6 10. Bh4 Re8 11. O-O Ne4 12. Bxe7 Qxe7 13. Rae1 Ndf6 14. f3 Nxc3
15. Nxc3 Qd6 16. Qf2 Be6 17. Kh1 c5 18. Nb5 Qc6 19. dxc5 a6 20. Nd6 Re7 21. b4
b6 22. e4 a5 23. Bb5 Qc7 24. e5 Nd7 25. Bxd7 Qxd7 26. bxa5 bxc5 27. Qxc5 Qd8
28. Qb6 Rea7 29. Rc1 Qd7 30. Rc5 f6 31. Rfc1 fxe5 32. Rc8+ Rxc8 33. Rxc8+ Kh7
34. Rd8 Qc7 35. Qxc7 Rxc7 36. h3 Ra7 37. Re8 Bg8 38. Rxe5 Rxa5 39. Re7 Kg6 40.
Re8 Bf7 41. Rf8 Be6 42. f4 Bd7 43. Rf7 Bc6 44. f5+ Kh7 45. f6 Rxa2 46. Rxg7+
Kh8 47. Nf7# 1-0

[Event "Stadtmeisterschaft Ulm/Neu-Ulm 2011"]
[Site "Ulm"]
[Date "2011.11.11"]
[Round "5"]
[White "Kelemen, Alexander"]
[Black "Borkert, Tobias"]
[Result "1/2-1/2"]
[ECO "B03"]
[WhiteElo "1618"]
[BlackElo "1881"]
[Annotator ",Fred"]
[PlyCount "37"]
[EventDate "2011.??.??"]
[TimeControl "40/7200:20/3600:1800"]

1. e4 Nf6 2. e5 Nd5 3. c4 Nb6 4. d4 d6 5. exd6 exd6 6. Nc3 Nc6 7. Nf3 Be7 8.
Be2 Bf5 9. a3 O-O 10. O-O Bf6 11. Be3 d5 12. c5 Nc4 13. Bc1 b6 14. b3 N4a5 15.
cxb6 cxb6 16. Be3 Qd7 17. Rc1 a6 18. b4 Nb7 19. Na4 1/2-1/2